cohdb
Replays
Latest Replays
All Replays
Popular Replays
Top Player Replays
Match Explorer
How It Works
Community
CoH3 Stats
Reddit
Sign in to upload your games and track your stats! →
Sign in with Steam
Match 42462545
Unlisted
Match 42462545
Overview
Messages
Build Orders
End
Kradschützen Motorcycle Team
Selects Armored Support Battlegroup
Selects Armored Support Battlegroup
Panzergrenadier Squad
250 Light Carrier
Construct Light Support Kompanie
Assault Grenadier Squad
Selects Superior Fire Drills
Construct Mechanized Kompanie
2.5-tonne Medical Truck
Support Armor Elements
Panzerjäger Mechanized Group
254 Reconnaissance Tractor
254 Reconnaissance Tractor
Selects Flammpanzer III Medium Tank
Flammpanzer III Medium Tank
Flammpanzer III Medium Tank
Pak 38 Mechanized Group
Tungsten Core Ammunition
Rapid Advance
Brother
supernova0102
Afteris
hallolinski
0
0
Comments
sign in to comment!
No comments posted yet!